 Dungeon Crawl Stone Soup version 0.22-a0-776-ge6d7efa (webtiles) character file.

615 iamserjio the Nimble (level 7, -2/35 HPs)
             Began as a Spriggan Chaos Knight on July 18, 2018.
             Killed from afar by Dowan (11 damage)
             ... with a stone arrow
             ... on level 4 of the Dungeon.
             The game lasted 00:09:05 (4184 turns).

iamserjio the Nimble (Spriggan Chaos Knight)        Turns: 4184, Time: 00:09:06

Health: -2/35      AC:  4    Str: 10    XL:     7   Next: 21%
Magic:  8/8        EV: 24    Int: 13    God:    Xom [.....*]
Gold:   194        SH:  0    Dex: 16    Spells: 6/6 levels left

rFire    . . .     SeeInvis +   a - +0 short sword (chaos)
rCold    . . .     Gourm    .   (shield restricted)
rNeg     . . .     Faith    .   b - +2 robe
rPois    .         Spirit   .   (helmet restricted)
rElec    .         Reflect  .   (no cloak)
rCorr    .         Harm     .   (gloves unavailable)
MR       +....                  (boots unavailable)
Stlth    ++........             (no amulet)
HPRegen  0.11/turn              (no ring)
MPRegen  0.11/turn              (no ring)

@: glowing, very quick
A: very small, unfitting armour, hooves 1, see invisible, herbivore, speed 3,
slow metabolism 2
a: Renounce Religion


You were on level 4 of the Dungeon.
You worshipped Xom.
You were Xom's teddy bear.
You were very hungry.

You visited 1 branch of the dungeon, and saw 4 of its levels.

You collected 194 gold pieces.

Inventory:

Hand Weapons
 a - a +0 short sword of chaos (weapon)
 d - a +0 rapier
 y - a +0 hunting sling
Missiles
 e - 21 poisoned needles
 g - 88 arrows
 q - 105 stones (quivered)
 r - 2 tomahawks
 x - 17 sling bullets
Armour
 b - a +2 robe (worn)
 p - a +0 chain mail
 u - a +2 robe of the Archmagi
 A - a cursed +0 plate armour
Jewellery
 z - an uncursed ring of flight {unknown}
Wands
 v - a wand of random effects (14)
Scrolls
 f - 5 scrolls of remove curse {unknown}
 i - 5 scrolls of identify {unknown}
 k - a scroll of noise {unknown}
 m - a scroll of teleportation {unknown}
 n - 4 scrolls of amnesia {unknown}
 t - a scroll of immolation {unknown}
 w - a scroll of blinking {unknown}
Potions
 h - 2 potions of haste {unknown}
 j - a potion of berserk rage {unknown}
 l - a potion of ambrosia {unknown}
 o - 2 potions of cancellation {unknown}
 s - a potion of flight {unknown}
Comestibles
 c - 16 rations


   Skills:
 - Level 2.4 Fighting
 + Level 5.3 Short Blades
 * Level 8.6 Dodging
 + Level 5.8 Stealth


You had 6 spell levels left.
You didn't know any spells.
Your spell library was empty.

Dungeon Overview and Level Annotations

Branches:
Dungeon (4/15)
 Temple: D:4-7

Altars:
Kikubaaqudgha
Qazlal
Vehumet
Yredelemnul
Zin

Annotations:
D:4 Dowan


Innate Abilities, Weirdness & Mutations

You are very small and have problems with some larger weapons.
You are too small for most types of armour.
You have supernaturally acute eyesight. (SInv)
You are a herbivore.
You cover ground extremely quickly.
You need to consume almost no food.
You have large cloven feet.


Message History

Duvessa completely misses you.
Evoke which item? (* to show all) (? for menu, Esc to quit)
Aiming: Random Effects
Press: ? - help, Shift-Dir - straight line, f/p - Duvessa
Aim: Duvessa, wielding a rapier of draining and wearing a leather armour (lightly wounded, fast, slightly transparent) Duvessa suddenly stops moving!
The helpless Duvessa fails to defend herself.
You impale Duvessa!!
You kill Duvessa!
Dowan screams, "No!
Oh no!"
Dowan seems to find hidden reserves of power!
Dowan points at you and mumbles some strange words.
The stone arrow hits you! Dowan gestures at you while chanting.
The stone arrow hits you!
* * * LOW HITPOINT WARNING * * *
Dowan casts a spell at you. The stone arrow hits you!
You die...
Xom laughs nastily!

#....## ##.......#..
######.....# ##..........#
#..........## #........$..#
............# ##............
.)..........###.....e.......
....................).......
...........................(
............................
..........#.....@...........
.........#####..............
.......### ###............
......## ##...........
....### ##### #...........
#..## ###...# ##..........
##.# ##.....## ##.........
#.###.......# ##........
#.##........# ##.......


You could see Dowan.

Vanquished Creatures
  Duvessa (D:4)
  An ogre (D:4)
  A phantom (D:4)
  A howler monkey (D:4)
  2 orc wizards (D:3)
  A worker ant (D:4)
  A hound skeleton (D:3)
  3 adders
  2 gnolls
  3 oozes
  A worm (D:3)
  A dart slug (D:4)
  4 leopard geckos
  4 orcs (D:3)
  2 ball pythons
  3 giant cockroaches (D:3)
  4 goblins
  8 hobgoblins
  4 jackals (D:3)
  5 bats
  7 frilled lizards
  9 kobolds
  6 rats
74 creatures vanquished.

Vanquished Creatures (collateral kills)
  A swamp drake (shapeshifter) (D:4)
  A worm (D:3)
  A rat (D:3)
3 creatures vanquished.

Vanquished Creatures (others)
  An orc (D:3)
  A bat (D:2)
2 creatures vanquished.

Grand Total: 79 creatures vanquished

Notes
Turn   | Place    | Note
-------+----------+-------------------------------------------
     0 | D:1      | iamserjio the Spriggan Chaos Knight began the quest for the Orb.
     0 | D:1      | Reached XP level 1. HP: 11/11 MP: 2/2
   105 | D:1      | XOM: harmless Hex miscast
   223 | D:1      | Reached skill level 4 in Dodging
   223 | D:1      | Reached skill level 1 in Stealth
   226 | D:1      | Reached XP level 2. HP: 14/16 MP: 3/3
   593 | D:1      | Reached XP level 3. HP: 19/19 MP: 4/4
   920 | D:2      | Found an ancient bone altar of Kikubaaqudgha.
   920 | D:2      | Found a stormy altar of Qazlal.
   936 | D:2      | XOM: enchant monster (good)
   949 | D:2      | Reached skill level 5 in Dodging
  1026 | D:2      | Noticed a centaur
  1038 | D:2      | Found a radiant altar of Vehumet.
  1190 | D:2      | XOM: divination: detect creatures
  1275 | D:2      | XOM: god gift: ration
  1389 | D:2      | XOM: god gift: chain mail {god gift}
  1570 | D:2      | XOM: butterfly on damage
  1738 | D:3      | XOM: medium Summ miscast
  1739 | D:3      | Noticed an ice devil
  2026 | D:2      | XOM: butterfly on damage
  2263 | D:2      | XOM: silly message
  2267 | D:2      | XOM: butterfly on damage
  2426 | D:3      | Reached XP level 4. HP: 23/23 MP: 5/5
  2561 | D:3      | XOM: cast spell 'Call Canine Familiar'
  2827 | D:3      | Reached skill level 6 in Dodging
  2834 | D:3      | Reached XP level 5. HP: 24/27 MP: 6/6
  2895 | D:3      | Found a basalt altar of Yredelemnul.
  3111 | D:3      | XOM: harmless Tmut miscast
  3118 | D:3      | XOM: noise
  3428 | D:4      | Noticed an ogre
  3437 | D:4      | Killed an ogre
  3437 | D:4      | Reached skill level 7 in Dodging
  3437 | D:4      | Reached XP level 6. HP: 32/32 MP: 7/7
  3455 | D:4      | XOM: confuse monster(s)
  3533 | D:4      | XOM: give mutation
  3533 | D:4      | Gained mutation: You have large cloven feet. [Xom's grace]
  3674 | D:4      | XOM: 3-stop teleportation journey
  3710 | D:4      | Found a glowing silver altar of Zin.
  3727 | D:4      | Reached skill level 5 in Stealth
  3764 | D:4      | Reached skill level 5 in Short Blades
  3771 | D:4      | Noticed a swamp drake
  3771 | D:4      | a worker ant changed into a swamp drake
  3776 | D:4      | XOM: summons 2 friendly demons
  3778 | D:4      | Killed a swamp drake
  3778 | D:4      | Reached skill level 8 in Dodging
  3778 | D:4      | Reached XP level 7. HP: 13/35 MP: 8/8
  3863 | D:4      | XOM: god gift: plate armour {god gift}
  4153 | D:4      | Noticed Duvessa
  4155 | D:4      | Noticed Dowan
  4181 | D:4      | Killed Duvessa
  4184 | D:4      | Killed from afar by Dowan

Vault maps used:
D:1:      ncdulo_wetmaze, minmay_tetromino_t2
D:2:      fiery_altar_vehumet, grunt_temple_overflow_open
D:3:      nicolae_overflow_crystal_walls, minmay_misc_feat_pillars,
          minmay_distorted
D:4:      lemuel_crystal_altar, first_ration, uniq_duvessa

Skill      XL: |  1  2  3  4  5  6 |
---------------+-------------------+-----
Dodging        | 4 5 6 7 8 |  8.6
Stealth        | 1 2 3 4 5 |  5.8
Short Blades   | 4 5 |  5.3
Fighting       | |  2.4

Action                   |  1- 3 |  4- 6 |  7- 9 || total
-------------------------+-------+-------+-------++-------
Melee: Short sword       |   145 |   129 |     2 ||   276
       Kick              |       |     4 |       ||     4
 Fire: Hunting sling     |       |     8 |       ||     8
Evoke: Wand              |       |     1 |     6 ||     7
  Use: Potion            |     1 |       |       ||     1
 Stab: Sleeping          |     6 |    11 |       ||    17
       Paralysed         |     2 |       |     1 ||     3
       Distracted        |     1 |     2 |       ||     3
       Petrifying        |       |     1 |       ||     1
Armor: Robe              |    14 |    10 |       ||    24
Dodge: Dodged            |   103 |    93 |     4 ||   200

Table legend:
 A = Spawn XP
 B = Non-spawn XP
 C = Spawn XP percentage of total XP
 D = Spawn monster count
 E = Non-spawn monster count
 F = Spawn count percentage of total count
 G = Total turns spent on level
                    A         B        C        D         E        F      G
               +---------+---------+-------+---------+---------+-------+---------
         Total |       0 |     879 |   0.0 |       0 |      78 |   0.0 |  4184
               +---------+---------+-------+---------+---------+-------+---------
           D:1 |       0 |      46 |   0.0 |       0 |      17 |   0.0 |   828
           D:2 |       0 |      36 |   0.0 |       0 |      17 |   0.0 |  1420
           D:3 |       0 |     208 |   0.0 |       0 |      35 |   0.0 |  1143
           D:4 |       0 |     589 |   0.0 |       0 |       9 |   0.0 |   793
               +---------+---------+-------+---------+---------+-------+---------
